AoeStats
← saate

Arabia

510503177Analyzed
1v1 RM · 13h ago on Oct 1, 2026· 27m 32s· 2 players
Game mode
Random Map
Map size
Tiny (2 player)
Population
200
Speed
Normal
Resources
Standard
Victory
Conquest
Starting age
Dark Age
Ending age
Imperial Age
RankedLock teamsTeams togetherTeam positionsShared explorationLock speedFull tech treeHidden civsTurbo modeCheats
Victory
Defeat
🇮🇩 Mongols · Indonesia
751
+18
🇹🇼 Tupi · Taiwan
791
-18
saate
7:28 Loom
9:45 Feudal Age
11:54 Horse Collar
17:12 Town Watch
18:59 Bloodlines
22:39 Castle Age
25:58 Scale Barding Armor
Heisenberg
11:54 Feudal Age
13:22 Champi Runner
14:33 Arson
19:15 Fletching
21:19 Loom
25:43 Castle Age
24:49 Scale Mail Armor
26:14 Pikeman
27:01 Squires
27:10 Town Watch
27:34 Double-Bit Axe
Connection lost

Rejoining the realm…

Still unreachable

The connection could not be restored.

Session expired

The server has moved on; the page needs a fresh start.